 Dungeon Crawl Stone Soup version 0.29-a0-892-g2c4c91d9db (webtiles) character file.

Game seed: 8855563523473210583

4826 kevlar127 the Grappler (level 10, -7/156 HPs)
             Began as a Troll Berserker on July 22, 2022.
             Was an Elder of Trog.
             Mangled by Erolcha
             ... wielding a +6 giant club
              (14 damage)
             ... on level 9 of the Dungeon.
             The game lasted 00:11:29 (6665 turns).

kevlar127 the Grappler (Troll Berserker)            Turns: 6665, Time: 00:11:30

Health: -7/156     AC:  4    Str: 37    XL:     10   Next: 25%
Magic:  9/9        EV: 10    Int:  3    God:    Trog [****..]
Gold:   631        SH:  5    Dex:  9    Spells: 9/9 levels left

rFire   . . .      SeeInvis .     - Unarmed
rCold   . . .      Faith    .   (no shield)
rNeg    . . .      Spirit   .   a - +0 animal skin
rPois   .          Reflect  +   (helmet restricted)
rElec   .          Harm     .   (no cloak)
rCorr   +          Rampage  .   (gloves unavailable)
Will    .....                   (boots unavailable)
Stlth   ..........              p - amulet of reflection
HPRegen 1.16/turn               f - +6 ring of strength
MPRegen 0.11/turn               b - ring of resist corrosion

@: berserking, very quick
A: large, unfitting armour, claws 3, regeneration 1, shaggy fur 1, tough skin 1
a: Renounce Religion, Berserk, Trog's Hand, Brothers in Arms


You were on level 9 of the Dungeon.
You worshipped Trog.
Trog was greatly pleased with you.
You visited 1 branch of the dungeon, and saw 9 of its levels.

You collected 631 gold pieces.

Inventory:

Missiles
 c - 94 stones (quivered)
 A - 17 poisoned darts
 O - 3 silver boomerangs
Armour
 a - a +0 animal skin (worn)
 N - a +0 kite shield
Jewellery
 b - a ring of resist corrosion (right claw)
 f - a +6 ring of strength (left claw)
 i - a ring of fire
 p - an amulet of reflection (around neck)
 w - a ring of see invisible
 P - a +4 ring of evasion
Wands
 B - a wand of quicksilver (28)
 I - a wand of charming (19)
 K - a wand of roots (13)
Scrolls
 d - 2 scrolls of blinking {unknown}
 j - a scroll of fog {unknown}
 k - 10 scrolls of identify {unknown}
 m - 2 scrolls of vulnerability {unknown}
 n - a scroll of noise {unknown}
 t - 2 scrolls of fear {unknown}
 u - 2 scrolls of immolation {unknown}
 v - 3 scrolls of teleportation {unknown}
 y - 3 scrolls of enchant armour {unknown}
 E - 2 scrolls of amnesia {unknown}
 F - a scroll of acquirement {unknown}
 H - a scroll of brand weapon {unknown}
 L - a scroll of poison {unknown}
 M - a scroll of magic mapping {unknown}
Potions
 e - 3 potions of degeneration {unknown}
 g - a potion of might {unknown}
 h - 2 potions of flight {unknown}
 l - 3 potions of lignification {unknown}
 o - 2 potions of magic {unknown}
 q - 2 potions of invisibility {unknown}
 r - 4 potions of mutation {unknown}
 s - 4 potions of curing {unknown}
 x - 2 potions of heal wounds {unknown}
 z - 2 potions of haste {unknown}
 C - a potion of resistance {unknown}
 D - a potion of cancellation {unknown}
 G - a potion of berserk rage {unknown}
 J - a potion of brilliance {unknown}


   Skills:
 + Level 8.0 Fighting
 + Level 5.1 Throwing
 - Level 4.0 Armour
 - Level 3.0 Dodging
 + Level 9.7 Unarmed Combat


You had 9 spell levels left.
You didn't know any spells.
Your spell library was empty.

Dungeon Overview and Level Annotations

Branches:
Dungeon (9/15)             Temple (0/1) D:6            Lair (0/5) D:8
    Orc (0/2) D:9

Altars:
Cheibriados
Dithmenos
Elyvilon
Fedhas
Kikubaaqudgha
Nemelex Xobeh
Qazlal
Ru
Sif Muna
Trog
Wu Jian
Zin

Annotations:
D:9 Erolcha


Innate Abilities, Weirdness & Mutations

You are too large for most types of armour.
You have claws for hands.
Your natural rate of healing is unusually fast.
You are covered in fur. (AC +1)
You have tough skin. (AC +1)


Message History

No target in view!
No target in view!
No target in view!
No target in view!
P - a +4 ring of evasion You now have 631 gold pieces (gained 17).
Things that are here:
a +1 dagger of holy wrath; a +0 robe
k - 10 scrolls labelled NYTUSU QOANE (gained 1) Erolcha the Cunning comes into view.
She is wielding a +6 giant club.
Erolcha shouts!
Erolcha is nearby!
Erolcha is nearby!
Erolcha is nearby!
Erolcha is nearby!
Erolcha is nearby!
Throw: 94 stones
Press: ? - help, Q - select action, (/) - cycle Shift-Dir - straight line, f - Erolcha
Aim: Erolcha, wielding a +6 giant club and wearing a +0 robe (72% to hit)
Okay, then.
Erolcha casts a spell.
Erolcha flickers and vanishes!
Deactivating autopickup; reactivate with Ctrl-A.
No target in view!
No target in view!
Something hits you!! Something hits you!
You barely miss something. Something hits you!
You closely miss something. You scratch something. Something hits you!!!
* * * LOW HITPOINT WARNING * * *
You closely miss something.
Unknown command.
A red film seems to cover your vision as you go berserk!
You feel yourself moving faster!
You feel mighty! Something hits you!!
* * * LOW HITPOINT WARNING * * *
Unknown command.
You closely miss something. You claw something! Something hits you!
You die...

.....##........###..
....))))................
.....))))...............
....##.....)....>.......
##..##.)................
#......................
#......................
#....##................
#.....##........@.......
...........##...{......#
##.........##....##....#
.................# ....
................... ...
.......#..#.......... ..
..## #.............
..............
...............


There were no monsters in sight!

Vanquished Creatures
  Pikel (D:4)
  2 kobold demonologists (D:9)
  The ghost of freelancePsychic the Trooper, an amateur FoMo (D:4)
  Prince Ribbit (D:7)
  A human (D:9)
  A warg (D:9)
  A water moccasin (D:5)
  A black bear (D:3)
  2 orc warriors
  2 ogres
  6 sky beasts
  A centaur (D:6)
  3 phantoms
  3 kobold brigands
  2 gnoll sergeants (D:8)
  2 bullfrogs
  3 scorpions
  A necrophage (D:5)
  4 wights (D:8)
  A jelly (D:8)
  7 orc priests
  4 hounds
  3 iguanas
  6 orc wizards
  16 gnolls
  5 adders
  A shadow imp (D:5)
  4 white imps
  An ufetubus (D:7)
  2 worms (D:2)
  A dart slug (D:4)
  17 orcs
  7 ball pythons
  6 bats
  9 endoplasms
  A giant cockroach (D:2)
  6 goblins
  7 hobgoblins
  10 jackals
  18 kobolds
  2 quokkas
  4 frilled lizards
  5 rats
181 creatures vanquished.

Notes
Turn   | Place    | Note
-------+----------+-------------------------------------------
     0 | D:1      | kevlar127 the Troll Berserker began the quest for the Orb.
     0 | D:1      | Reached XP level 1. HP: 22/22 MP: 0/0
   217 | D:1      | Reached XP level 2. HP: 29/29 MP: 1/1
   926 | D:2      | Reached ** piety under Trog
   927 | D:2      | Reached XP level 3. HP: 36/36 MP: 2/2
   935 | D:2      | Found a glowing silver altar of Zin.
   966 | D:2      | Found a faded altar of an unknown god.
  1563 | D:3      | Found a bloodstained altar of Trog.
  1669 | D:3      | Noticed a black bear
  1673 | D:3      | Killed a black bear
  1674 | D:3      | Reached skill level 4 in Unarmed Combat
  1674 | D:3      | Reached XP level 4. HP: 46/46 MP: 3/3
  1674 | D:3      | Reached XP level 5. HP: 53/53 MP: 4/4
  1752 | D:3      | Noticed a phantom
  1765 | D:3      | Killed a phantom
  1834 | D:3      | Reached skill level 5 in Unarmed Combat
  1836 | D:3      | Reached XP level 6. HP: 23/62 MP: 5/5
  2073 | D:3      | Identified the +0 quarterstaff "Zeel Fif" {pain, rPois}
  2324 | D:3      | Found a sacrificial altar of Ru.
  2685 | D:4      | Noticed Pikel
  2693 | D:4      | Killed Pikel
  2694 | D:4      | Reached skill level 5 in Fighting
  2694 | D:4      | Reached skill level 6 in Unarmed Combat
  2694 | D:4      | Reached XP level 7. HP: 72/72 MP: 6/6
  2878 | D:4      | Reached *** piety under Trog
  2976 | D:4      | Found a large runed translucent door.
  2976 | D:4      | Found a large runed translucent door.
  2978 | D:4      | Noticed freelancePsychic's ghost (amateur FoMo)
  2998 | D:4      | Reached skill level 1 in Armour
  3364 | D:4      | Killed freelancePsychic's ghost
  3365 | D:4      | Reached skill level 7 in Unarmed Combat
  3365 | D:4      | Reached XP level 8. HP: 83/83 MP: 7/7
  3382 | D:5      | Entered Level 5 of the Dungeon
  4120 | D:6      | Reached skill level 1 in Throwing
  4226 | D:6      | Reached skill level 8 in Unarmed Combat
  4226 | D:6      | Reached XP level 9. HP: 88/92 MP: 8/8
  4413 | D:6      | Found a staircase to the Ecumenical Temple.
  4650 | D:6      | Found a sparkling altar of Nemelex Xobeh.
  4654 | D:6      | Reached **** piety under Trog
  4703 | D:7      | Noticed Prince Ribbit
  4716 | D:7      | Killed Prince Ribbit
  5095 | D:7      | Found an ancient bone altar of Kikubaaqudgha.
  5119 | D:7      | Found a flagged portal.
  5212 | D:7      | Found a stormy altar of Qazlal.
  5215 | D:7      | Found a snail-covered altar of Cheibriados.
  5222 | D:7      | Found a shadowy altar of Dithmenos.
  5225 | D:7      | Found a shimmering blue altar of Sif Muna.
  5227 | D:7      | Found a blossoming altar of Fedhas.
  5232 | D:7      | Found an ornate altar of the Wu Jian Council.
  5503 | D:8      | Reached skill level 9 in Unarmed Combat
  5870 | D:8      | Found a staircase to the Lair.
  5933 | D:8      | Found a white marble altar of Elyvilon.
  6390 | D:9      | Noticed a kobold demonologist
  6393 | D:9      | Noticed a kobold demonologist
  6403 | D:9      | Killed a kobold demonologist
  6404 | D:9      | Reached XP level 10. HP: 94/104 MP: 9/9
  6546 | D:9      | Reached skill level 5 in Throwing
  6639 | D:9      | Found a staircase to the Orcish Mines.
  6649 | D:9      | Noticed Erolcha
  6663 | D:9      | HP: 5/156 [something (26)]
  6665 | D:9      | Mangled by Erolcha

Illustrated notes

Levels and vault maps discovered:
D:1:      psy_arrival_terrarium, layout_basic, palyth_stone_intersect
D:2:      layout_basic, basic_altar, hellmonk_ecumenical_altar_arch_garden,
          nicolae_figureground_pulse
D:3:      layout_loops_corners, mainiacjoe_overflow_big_doors
D:4:      layout_loops_ring, ebering_ghost_disaster_area, uniq_pikel
D:5:      layout_loops_ring, kennysheep_generic_room_4
D:6:      minmay_diamond_boxcup, layout_cave_pools, nemelex_dance_club_becter,
          minmay_temple_entry_poolview
D:7:      layout_cave_pools, kennysheep_little_box,
          nicolae_overflow_hallway_of_the_gods, enter_bailey_8,
          uniq_prince_ribbit1
D:8:      layout_loops_ring, mainiacjoe_overflow_brackets, lair_entry_dummy
D:9:      layout_irregular_city, erik_orc_4, uniq_erolcha

Skill      XL: |  1  2  3  4  5  6  7  8  9 10 |
---------------+-------------------------------+-----
Dodging        | 3 |  3.0
Fighting       | 3 4 5 6 7 8 |  8.0
Unarmed Combat | 4 5 6 7 8 9 |  9.7
Armour         | 2 3 4 |  4.0
Throwing       | 1 4 5 |  5.1

Action                   |  1- 3 |  4- 6 |  7- 9 | 10-12 || total
-------------------------+-------+-------+-------+-------++-------
Melee: Unarmed           |   111 |    65 |   256 |    59 ||   491
       Punch             |     3 |       |    11 |     2 ||    16
Throw: Stone             |       |       |     5 |       ||     5
Invok: Berserk           |       |     1 |     2 |     2 ||     5
       Trog's Hand       |       |       |     1 |     1 ||     2
Armor: Animal skin       |    38 |    10 |    36 |    13 ||    97
Dodge: Dodged            |    67 |    18 |    89 |    36 ||   210
Block: Other             |     3 |     9 |    55 |    17 ||    84

Table legend: (Time is in decaauts)
 A = Elapsed time spent in this place.
 B = Non-inter-level travel time spent in this place.
 C = Inter-level travel time spent in this place.
 D = Time resting spent in this place.
 E = Time spent auto-exploring this place.
 F = Levels seen in this place.
 G = Mean time per level.
                   A        B        C        D        E       F      G
               +--------+--------+--------+--------+--------+-----+--------+
         Total |   6636 |   6444 |    192 |    580 |   4882 |   9 |  737.3 |
       Dungeon |   6636 |   6444 |    192 |    580 |   4882 |   9 |  737.3 |
               +--------+--------+--------+--------+--------+-----+--------+

Top non-repeatable levels by time:
     D:3: 1044 daAuts
     D:8: 893 daAuts
     D:1: 798 daAuts
     D:4: 796 daAuts
     D:7: 791 daAuts
     D:2: 728 daAuts
     D:6: 660 daAuts
     D:5: 621 daAuts
     D:9: 301 daAuts
